 Dungeon Crawl Stone Soup version 0.30.0-29-ga12c61a403 (webtiles) character file.

Game seed: 16640633503587565397

212 LowPressure the Insei (level 5, 0/36 HPs)
             Began as a Draconian Transmuter on June 7, 2023.
             Slain by Edmund
             ... wielding a +0 flail of protection
              (5 damage)
             ... on level 4 of the Dungeon.
             The game lasted 00:08:44 (2905 turns).

LowPressure the Insei (Draconian Transmuter)        Turns: 2905, Time: 00:08:44

Health: 0/36       AC:  8    Str: 12    XL:     5   Next: 58%
Magic:  7/9        EV: 12    Int: 15    God:
Gold:   170        SH:  0    Dex: 12    Spells: 3/9 levels left

rFire   + .          .
                       - Unarmed
rCold   . . .        (no shield)
rNeg    . . .        (body armour unavailable)
rPois   .            (helmet currently unavailable)
rElec   .            (no cloak)
rCorr   .            b - +2 pair of gloves {hurl}
SInv    .            (boots currently unavailable)
Will    +....        (no amulet)
Stlth   +            (no ring)
HPRegen 0.26/turn    (no ring)
MPRegen 0.11/turn

%: no passive effects
@: appendages
A: horns 2, AC +5, unfitting armour, cold-blooded, talons 1, fire resistance 1,
frail 1, strong-willed 1
a: End Transformation


You were on level 4 of the Dungeon.
You had temporarily grown beastly horns.
You visited 1 branch of the dungeon, and saw 5 of its levels.

You collected 170 gold pieces.

Inventory:

Armour
 b - a +2 pair of gloves of hurling (worn)
Jewellery
 d - a ring of ice
 h - a ring of ice
Wands
 f - a wand of polymorph (14)
Scrolls
 c - a scroll of magic mapping {unknown}
 e - 3 scrolls of blinking {unknown}
 g - a scroll of brand weapon {unknown}
 j - 2 scrolls of identify {unknown}
Potions
 a - a potion of lignification
 k - a potion of mutation
 n - a potion of heal wounds {unknown}


   Skills:
 + Level 1.4 Fighting
 + Level 2.3 Dodging
 + Level 0.7 Stealth
 + Level 4.4 Unarmed Combat
 + Level 2.8 Spellcasting
 + Level 3.1 Transmutations
 + Level 1.2 Poison Magic


You had 3 spell levels left.
You knew the following spells:

 Your Spells              Type           Power      Damage    Failure   Level
a - Beastly Appendage     Tmut           22%        N/A       5%          1
b - Wereblood             Tmut           11%        N/A       9%          2
c - Spider Form           Tmut/Pois      8%         N/A       24%         3

Your spell library contained the following spells:

 Spells                   Type           Power      Damage    Failure   Level
 Slow                     Hex            8%         N/A       21%         1
 Poisonous Vapours        Pois/Air       8%         N/A       24%         2
 Mephitic Cloud           Conj/Pois/Air  3%         N/A       45%         3
 Call Canine Familiar     Summ           2%         N/A       52%         3
 Confusing Touch          Hex            2%         N/A       52%         3
 Portal Projectile        Hex/Tloc       4%         N/A       52%         3
 Vampiric Draining        Necr           2%         2d6       52%         3
 Ice Form                 Ice/Tmut       6%         N/A       71%         4
 Leda's Liquefaction      Hex/Erth       1%         N/A       90%         4
 Freezing Cloud           Conj/Ice/Air   1%         6-21      99%         5


Dungeon Overview and Level Annotations

Branches:
Dungeon (5/15)
 Temple: D:4-7

Altars:
Zin

Shops:
D:1 :

Annotations:
D:4 Edmund


Innate Abilities, Weirdness & Mutations

You have temporarily grown beastly horns.
Your plain brown scales are hard. (AC +5)
You cannot fit into any form of body armour.
You are cold-blooded and may be slowed by cold attacks.
You have sharp toenails.
Your flesh is heat resistant. (rF+)
You are frail. (-10% HP)
You are strong-willed. (Will+)


Message History

Edmund hits you with a +0 flail of protection!
You hit Edmund.
Edmund looks as sick as possible!
Edmund is moderately wounded.
Edmund misses you. The dart slug launches a dart at you.
The slug dart hits you.
You hit Edmund.
Edmund is moderately wounded.
Edmund hits you with a +0 flail of protection.
You hit Edmund.
Edmund looks as sick as possible!
Edmund is heavily wounded.
The dart slug bites you but does no damage.
Edmund hits you with a +0 flail of protection.
* * * LOW HITPOINT WARNING * * *
You hit Edmund but do no damage.
Edmund looks as sick as possible!
Edmund is heavily wounded.
Edmund barely misses you.
You barely miss Edmund.
Edmund is heavily wounded.
The dart slug closely misses you. Edmund completely misses you.
You barely miss Edmund.
Edmund is severely wounded.
The dart slug briefly extends its eye-stalks.
The dart slug misses you.
You barely miss Edmund.
Edmund is severely wounded.
Your transformation has ended.
Your +2 pair of gloves of hurling unmelds from your body.
You feel that your aim is more steady.
Edmund hits you with a +0 flail of protection.
* * * LOW HITPOINT WARNING * * *
Casting: Spider Form (quite dangerous; 24% risk of failure)
Confirm with . or Enter, or press ? or * to list all spells.
You grow a pair of large bovine horns.
Edmund hits you but does no damage. The dart slug launches a dart at you.
The slug dart hits you but does no damage.
You barely miss Edmund.
Edmund is severely wounded.
Edmund hits you with a +0 flail of protection.
You die...

###........#.......##
##.................
#.................
#........##..<..........
#.........#.........$..$
####....................
##.##....#### .......
######...####.......
##.@.##........
##w@#.....w...
#.............
##....#....)..
###.##.....## ....
....## .....<......
##....###...## ##...#
#..#


You could see Edmund (extremely poisoned) and a dart slug.

Vanquished Creatures
  2 orc priests (D:4)
  2 orc wizards (D:4)
  3 adders
  2 dart slugs
  2 worms (D:2)
  7 orcs
  4 bats
  7 endoplasms
  A giant cockroach (D:1)
  A goblin (D:2)
  7 hobgoblins
  2 kobolds
  3 quokkas
  4 ball pythons
  A frilled lizard (D:1)
  20 rats
68 creatures vanquished.

Notes
Turn   | Place    | Note
-------+----------+-------------------------------------------
     0 | D:1      | LowPressure the Draconian Transmuter began the quest for
                  | the Orb.
     0 | D:1      | Reached XP level 1. HP: 16/16 MP: 3/3
   271 | D:1      | Reached XP level 2. HP: 23/23 MP: 3/5
   293 | D:1      | Found Zudoi's Book Boutique.
   850 | D:2      | Learned a level 2 spell: Wereblood
   890 | D:2      | Reached XP level 3. HP: 28/28 MP: 4/6
  1606 | D:3      | Reached skill level 4 in Unarmed Combat
  1606 | D:3      | Reached XP level 4. HP: 24/35 MP: 7/7
  1662 | D:3      | Learned a level 3 spell: Spider Form
  2048 | D:3      | Found a glowing silver altar of Zin.
  2414 | D:5      | Entered Level 5 of the Dungeon
  2677 | D:4      | Reached skill level 1 in Poison Magic
  2677 | D:4      | Reached XP level 5. HP: 15/40 MP: 3/8
  2680 | D:4      | Gained mutation: You have sharp toenails. [potion of
                  | mutation]
  2680 | D:4      | Gained mutation: You are frail. (-10% HP) [potion of
                  | mutation]
  2680 | D:4      | Gained mutation: You are strong-willed. (Will+) [potion of
                  | mutation]
  2680 | D:4      | Gained mutation: Your flesh is heat resistant. (rF+)
                  | [potion of mutation]
  2711 | D:4      | HP: 1/36 [orc/+0 hand axe (4)]
  2879 | D:4      | Noticed Edmund
  2905 | D:4      | Slain by Edmund

Illustrated notes

Levels and vault maps discovered:
D:1:      saegor_arrival_miasma, layout_loops_ring, serial_shops, shop
D:2:      layout_basic, minmay_rat_hole
D:3:      layout_loops_ring, zin_treasury
D:4:      layout_cave_pools, nicolae_hepliaklqana_hazy_memory, uniq_duvessa,
          uniq_edmund
D:5:      layout_loops_corners, minmay_temple_entry_statues_pillars,
          pf_guarded_unrand_woodcutter

Skill      XL: |  1  2  3  4 |
---------------+-------------+-----
Dodging        | 2 |  2.3
Unarmed Combat | 4 |  4.4
Transmutations | 3 |  3.1
Poison Magic   | 1 |  1.2
Fighting       | |  1.4
Stealth        | |  0.7
Spellcasting   | |  2.8

Action                     |  1- 3 |  4- 6 || total
---------------------------+-------+-------++-------
  Melee: Unarmed           |    98 |    71 ||   169
         Kick              |    20 |     5 ||    25
         Tailslap          |     8 |     1 ||     9
         Headbutt          |     3 |     4 ||     7
         Punch             |       |     1 ||     1
   Cast: Beastly Appendage |    21 |     8 ||    29
         Wereblood         |     1 |       ||     1
         Spider Form       |       |     8 ||     8
    Use: Potion            |       |     9 ||     9
   Stab: Sleeping          |     2 |       ||     2
 Armour: Skin              |    47 |    44 ||    91
  Dodge: Dodged            |    91 |    46 ||   137
